Map: Turbo Cruise '84 LE

Players

llllllllllll (herO) - Winner!

  • Race: Protoss Protoss
  • League: Master
  • Spawn Location: 3:00

llllllllllll (Stats)

  • Race: Protoss Protoss
  • League: Master
  • Spawn Location: 7:00

Event: 2019 Assembly Summer

VOD

Have the link to the VOD?

Description

Time

  • Played on: Aug. 3, 2019, 7:26 a.m.
  • Length: 7:00

All games in this series

Show
View Real Time Build Order
Export as new Build Order

llllllllllll Protoss - Winner!

Build Orders:  

Get SALT Encoding   

  12  0:00  Probe  
  13  0:12  Probe  
  14  0:17  Pylon  
  14  0:23  Probe  
  15  0:32  Probe  
  15  0:37  Gateway  
  15  0:40  Probe  
  16  0:47  Assimilator  
  17  0:51  Probe  
  17  0:54  Assimilator  
  18  0:59  Probe  
  19  1:07  Probe  
  19  1:08  Gateway  
  19  1:17  Probe  
  20  1:24  Cybernetics Core  
  21  1:29  Probe  
  22  1:35  Pylon  
  22  1:41  Probe  
  22  1:44  Warp Gate  
  23  1:53  Probe  
  24  2:01  Sentry, Stalker  
  28  2:11  Pylon  
  28  2:27  Stalker  
  30  2:31  Stalker  
  31  2:48  Nexus  
  31  2:54  Shield Battery  
  31  2:58  Sentry  
  33  3:04  Sentry  
  35  3:13  Shield Battery  
  35  3:19  Robotics Facility  
  35  3:22  Probe  
  35  3:40  Adept  
  38  3:43  Adept  
  39  3:59  Warp Prism, Probe  
  39  4:00  Probe  
  43  4:15  Probe x2  
  43  4:16  Twilight Council  
  45  4:26  Immortal  
  45  4:30  Sentry, Stalker  
  53  4:40  Resonating Glaives  
  51  4:47  Gateway  
  51  5:00  Adept  
  51  5:03  Pylon  
  53  5:10  Gateway  
  53  5:13  Immortal  
  53  5:43  Adept x3  
  53  5:48  Pylon  
  53  5:49  Pylon  
  59  5:54  Observer  
  60  6:08  Adept x3  
  60  6:09  Adept  
  66  6:33  Adept x4  
Show
View Real Time Build Order
Export as new Build Order

llllllllllll Protoss 

Build Orders: Phoenix Opening 

Get SALT Encoding   

  12  0:00  Probe  
  13  0:12  Probe  
  14  0:17  Pylon  
  14  0:24  Probe  
  15  0:32  Probe  
  15  0:38  Gateway  
  15  0:40  Probe  
  16  0:46  Assimilator  
  17  0:51  Probe  
  17  0:54  Assimilator  
  18  1:00  Probe  
  19  1:07  Gateway  
  19  1:08  Probe  
  19  1:17  Probe  
  21  1:25  Cybernetics Core  
  21  1:29  Probe  
  22  1:35  Pylon  
  22  1:41  Probe  
  23  1:53  Probe  
  24  2:01  Stalker x2  
  24  2:02  Warp Gate  
  28  2:12  Pylon  
  28  2:35  Sentry x2  
  32  2:40  Nexus  
  32  2:45  Probe  
  33  2:57  Probe  
  34  3:00  Pylon  
  34  3:04  Sentry  
  35  3:05  Stalker  
  35  3:09  Probe  
  38  3:21  Probe  
  38  3:22  Forge  
  39  3:33  Probe  
  40  3:39  Robotics Facility  
  40  3:44  Probe  
  41  3:49  Probe  
  41  3:51  Stalker  
  41  3:52  Probe  
  41  3:55  Phoenix  
  44  3:58  Probe  
  44  4:00  Probe  
  47  4:10  Protoss Ground Weapons Level 1, Shield Battery, Probe  
  47  4:12  Probe  
  49  4:22  Probe  
  49  4:23  Pylon  
  50  4:24  Probe  
  50  4:25  Shield Battery  
  51  4:34  Immortal, Probe  
  51  4:36  Probe  
  57  4:48  Probe  
  57  4:49  Probe  
  57  4:52  Pylon  
  57  4:54  Assimilator  
  57  4:58  Assimilator  
  55  5:00  Probe  
  55  5:01  Probe, Twilight Council  
  57  5:08  Adept x2  
  61  5:25  Shield Battery  
  61  5:26  Probe x2  
  63  5:29  Stalker x2  
  63  5:31  Observer  
  63  5:33  Pylon  
  63  5:35  Pylon  
  68  5:51  Gateway  
  68  5:52  Gateway, Immortal  
  68  5:53  Shield Battery  
  68  5:54  Photon Cannon  
  72  6:13  Photon Cannon  
  72  6:14  Photon Cannon  
  72  6:15  Sentry x2  
  74  6:29  Shield Battery  
  72  6:34  Shield Battery  
  72  6:35  Shield Battery  
  72  6:38  Adept  
  71  6:40  Adept  
  65  6:49  Adept x2  
Tags
 
Add a new tag
Caveats
  • Supply blocks, unpowered buildings, or Contaminate may cause inaccurate times.
  • Supply counts are checked every 10 seconds.